MWL (24 & UNDER)
ERIE JAXX @ LEE'S SUMMIT TIGERS
06/15/2028
 
TOP OF THE 1ST
Erie Jaxx batting - Pitching for Lee's Summit Tigers : RHP Patrick Singleton
Pitching: RHP Patrick Singleton
Batting: LHB Kyle Robbins 0-0: Swinging Strike
0-1: Ball
1-1: Called Strike
1-2: Strikes out swinging
Batting: RHB Edgardo Castro 0-0: Ball
1-0: Foul Ball, location: 2F
1-1: Foul Ball, location: 2F
1-2: Ball
2-2: Strikes out swinging
Batting: SHB Michael Field 0-0: Foul Ball, location: 2F
0-1: Ball
1-1: Fly out, F9 (Flyball, 9)
Top of the 1st over - 0 run(s), 0 hit(s), 0 error(s), 0 left on base; Erie 0 - Lee's Summit 0
BOTTOM OF THE 1ST
Lee's Summit Tigers batting - Pitching for Erie Jaxx : RHP Steve Bigham
Pitching: RHP Steve Bigham
Batting: RHB Stan Taylor 0-0: Called Strike
0-1: Foul Ball, location: 2F
0-2: Ball
1-2: Strikes out swinging
Batting: RHB Ricardo Velásquez 0-0: Called Strike
0-1: Foul Ball, location: 2F
0-2: Ball
1-2: Ball
2-2: Foul Ball, location: 2F
2-2: SINGLE (Line Drive, 9LS)
Batting: LHB Dudley Cooper 0-0: Ball
1-0: 2-RUN HOME RUN (Flyball, 9D), Distance : 355 ft
Batting: LHB Al Miller 0-0: SINGLE (Flyball, 78S)
Batting: LHB Glenn Williamson 0-0: Ball
1-0: Ball
2-0: Ball
3-0: Base on Balls
Al Miller to second
Batting: RHB Valentín Saldaña 0-0: Ball
1-0: Called Strike
1-1: Ball
2-1: Foul Ball, location: 2F
2-2: Foul Ball, location: 2F
2-2: Foul Ball, location: 2F
2-2: Strikes out swinging
Batting: RHB Steve Johnson 0-0: Swinging Strike
0-1: Ball
1-1: Fielders Choice at 2nd, 6-4 (Groundball, 6)
Bottom of the 1st over - 2 run(s), 3 hit(s), 0 error(s), 1 left on base; Erie 0 - Lee's Summit 2
TOP OF THE 2ND
Erie Jaxx batting - Pitching for Lee's Summit Tigers : RHP Patrick Singleton
Batting: RHB Ed Keesee 0-0: Swinging Strike
0-1: Ball
1-1: Ball
2-1: Foul Ball, location: 2F
2-2: Strikes out looking
Batting: SHB José Durango 0-0: Ball
1-0: Foul Ball, location: 2F
1-1: Called Strike
1-2: Foul Ball, location: 2F
1-2: Ball
2-2: Strikes out swinging
Batting: RHB Alfredo Ramírez 0-0: Ball
1-0: Called Strike
1-1: Ball
2-1: Ball
3-1: Base on Balls
Batting: RHB George Medine 0-0: Ball
1-0: Called Strike
1-1: Ball
2-1: Fly out, F8 (Line Drive, 8LD)
Top of the 2nd over - 0 run(s), 0 hit(s), 0 error(s), 1 left on base; Erie 0 - Lee's Summit 2
BOTTOM OF THE 2ND
Lee's Summit Tigers batting - Pitching for Erie Jaxx : RHP Steve Bigham
Batting: LHB José Guerrero 0-0: Foul Ball, location: 2F
0-1: Ball
1-1: Ball
2-1: SINGLE (Line Drive, 34)
Batting: RHB Travis Ezell 0-0: Ball
1-0: Foul Ball, location: 2F
1-1: Called Strike
1-2: Ball
2-2: Foul Ball, location: 2F
2-2: Ball
3-2: Fielders Choice at 2nd, 6-4 (Groundball, 6)
Batting: RHB Stan Taylor 0-0: Grounds into double play, 5-4-3 (Groundball, 5L)
Bottom of the 2nd over - 0 run(s), 1 hit(s), 0 error(s), 0 left on base; Erie 0 - Lee's Summit 2
TOP OF THE 3RD
Erie Jaxx batting - Pitching for Lee's Summit Tigers : RHP Patrick Singleton
Batting: RHB José Hernández 0-0: Foul Ball, location: 2F
0-1: Ground out 6-3 (Groundball, 6)
Batting: RHB William Wilson 0-0: Foul Ball, location: 2F
0-1: Ball
1-1: Ball
2-1: Foul Ball, location: 2F
2-2: Foul Ball, location: 2F
2-2: Foul Ball, location: 2F
2-2: SINGLE (Groundball, 6MD)
Batting: LHB Kyle Robbins 0-0: Ball
1-0: Ball
William Wilson steals 2nd base
2-0: Foul Ball, location: 2F
2-1: Ground out 4-3 (Groundball, 4)
William Wilson to third
Batting: RHB Edgardo Castro 0-0: Foul Ball, location: 2F
0-1: Ball
1-1: Swinging Strike
1-2: Foul Ball, location: 2F
1-2: Foul Ball, location: 2F
1-2: Strikes out swinging
Top of the 3rd over - 0 run(s), 1 hit(s), 0 error(s), 1 left on base; Erie 0 - Lee's Summit 2
BOTTOM OF THE 3RD
Lee's Summit Tigers batting - Pitching for Erie Jaxx : RHP Steve Bigham
Batting: RHB Ricardo Velásquez 0-0: Ball
1-0: Swinging Strike
1-1: Foul Ball, location: 2F
1-2: Ball
2-2: Foul Ball, location: 2F
2-2: Strikes out looking
Batting: LHB Dudley Cooper 0-0: Ball
1-0: SINGLE (Groundball, 4MD)
Batting: LHB Al Miller 0-0: Called Strike
0-1: Fielders Choice at 2nd, 1-4 (Groundball, 15S)
Batting: LHB Glenn Williamson 0-0: Called Strike
0-1: Foul Ball, location: 2F
0-2: Ball
1-2: Ball
2-2: SINGLE (Line Drive, 3D)
Al Miller to second
Throwing error, E9
Al Miller scores
Glenn Williamson to second
Batting: RHB Valentín Saldaña 0-0: Ball
1-0: Called Strike
1-1: Foul Ball, location: 2F
1-2: Strikes out swinging
Bottom of the 3rd over - 1 run(s), 2 hit(s), 1 error(s), 1 left on base; Erie 0 - Lee's Summit 3
TOP OF THE 4TH
Erie Jaxx batting - Pitching for Lee's Summit Tigers : RHP Patrick Singleton
Batting: SHB Michael Field 0-0: Foul Ball, location: 2F
0-1: Foul Ball, location: 2F
0-2: Strikes out swinging
Batting: RHB Ed Keesee 0-0: Fly out, F7 (Flyball, 7S)
Batting: SHB José Durango 0-0: Called Strike
0-1: Ball
1-1: Ball
2-1: Ball
3-1: Called Strike
3-2: Strikes out swinging
Top of the 4th over - 0 run(s), 0 hit(s), 0 error(s), 0 left on base; Erie 0 - Lee's Summit 3
BOTTOM OF THE 4TH
Lee's Summit Tigers batting - Pitching for Erie Jaxx : RHP Steve Bigham
Batting: RHB Steve Johnson 0-0: Called Strike
0-1: Swinging Strike
0-2: Ball
1-2: Ball
2-2: Foul Ball, location: 2F
2-2: Strikes out swinging
Batting: LHB José Guerrero 0-0: Called Strike
0-1: SINGLE (Line Drive, 4M)
Batting: RHB Travis Ezell 0-0: Swinging Strike
0-1: Ball
1-1: Called Strike
1-2: Ball
2-2: Foul Ball, location: 2F
2-2: Ball
3-2: Fielders Choice at 2nd, 6-4 (Groundball, 6)
Batting: RHB Stan Taylor 0-0: Ball
1-0: Called Strike
1-1: Foul Ball, location: 2F
1-2: Strikes out swinging
Bottom of the 4th over - 0 run(s), 1 hit(s), 0 error(s), 1 left on base; Erie 0 - Lee's Summit 3
TOP OF THE 5TH
Erie Jaxx batting - Pitching for Lee's Summit Tigers : RHP Patrick Singleton
Batting: RHB Alfredo Ramírez 0-0: Ball
1-0: Foul Ball, location: 2F
1-1: Ball
2-1: Ball
3-1: Called Strike
3-2: Strikes out looking
Batting: RHB George Medine 0-0: Called Strike
0-1: Ball
1-1: Ball
2-1: Ball
3-1: Base on Balls
Batting: RHB José Hernández 0-0: Called Strike
0-1: Swinging Strike
0-2: Fly out, F9 (Flyball, 9)
Batting: RHB William Wilson 0-0: Ball
1-0: Ball
2-0: Ball
3-0: Base on Balls
George Medine to second
Batting: LHB Kyle Robbins 0-0: Called Strike
0-1: Ball
1-1: Foul Ball, location: 2F
1-2: Strikes out swinging
Top of the 5th over - 0 run(s), 0 hit(s), 0 error(s), 2 left on base; Erie 0 - Lee's Summit 3
BOTTOM OF THE 5TH
Lee's Summit Tigers batting - Pitching for Erie Jaxx : RHP Steve Bigham
Batting: RHB Ricardo Velásquez 0-0: Ball
1-0: Called Strike
1-1: Foul Ball, location: 2F
1-2: Foul Ball, location: 2F
1-2: Foul Ball, location: 2F
1-2: Ball
2-2: Ball
3-2: Foul Ball, location: 2F
3-2: Foul Ball, location: 2F
3-2: Base on Balls
Pitching: RHP Dan Clark
Batting: LHB Dudley Cooper 0-0: Called Strike
0-1: Ball
1-1: Ball
2-1: Foul Ball, location: 2F
2-2: SINGLE (Line Drive, 34)
Ricardo Velásquez to second
Runner from 2nd tries for 3rd, SAFE, no throw
Batting: LHB Al Miller 0-0: Foul Ball, location: 2F
0-1: Swinging Strike
0-2: Foul Ball, location: 2F
0-2: Ball
1-2: Ball
2-2: Ball
3-2: Strikes out looking
Batting: LHB Glenn Williamson 0-0: Ball
1-0: Ball
2-0: Swinging Strike
2-1: Called Strike
2-2: Foul Ball, location: 2F
2-2: Strikes out swinging
Batting: RHB Valentín Saldaña 0-0: Ball
1-0: Foul Ball, location: 2F
1-1: Ball
2-1: Fielders Choice at 2nd, 4-6 (Groundball, 4)
Bottom of the 5th over - 0 run(s), 1 hit(s), 0 error(s), 1 left on base; Erie 0 - Lee's Summit 3
TOP OF THE 6TH
Erie Jaxx batting - Pitching for Lee's Summit Tigers : RHP Patrick Singleton
Batting: RHB Edgardo Castro 0-0: Ball
1-0: Ball
2-0: Called Strike
2-1: Ball
3-1: Called Strike
3-2: Strikes out swinging
Pitching: LHP Vernon Mathis
Batting: SHB Michael Field 0-0: Ball
1-0: Ball
2-0: SINGLE (Flyball, 9S)
Batting: RHB Ed Keesee 0-0: Foul Ball, location: 2F
0-1: Ball
1-1: SINGLE (Flyball, 8LS)
Michael Field to second
Batting: SHB José Durango 0-0: Grounds into double play, 6-4-3 (Groundball, 6)
Top of the 6th over - 0 run(s), 2 hit(s), 0 error(s), 1 left on base; Erie 0 - Lee's Summit 3
BOTTOM OF THE 6TH
Lee's Summit Tigers batting - Pitching for Erie Jaxx : RHP Dan Clark
Batting: RHB Steve Johnson 0-0: Foul Ball, location: 2F
0-1: Called Strike
0-2: Ground out 5-3 (Groundball, 5L)
Batting: LHB José Guerrero 0-0: Ball
1-0: Ground out 4-3 (Groundball, 34)
Batting: RHB Travis Ezell 0-0: Ball
1-0: Called Strike
1-1: Ball
2-1: Foul Ball, location: 2F
2-2: Ball
3-2: Base on Balls
Batting: RHB Stan Taylor 0-0: Ball
1-0: Ball
2-0: Foul Ball, location: 2F
2-1: Foul Ball, location: 2F
2-2: Foul Ball, location: 2F
2-2: Foul Ball, location: 2F
2-2: Strikes out swinging
Bottom of the 6th over - 0 run(s), 0 hit(s), 0 error(s), 1 left on base; Erie 0 - Lee's Summit 3
TOP OF THE 7TH
Erie Jaxx batting - Pitching for Lee's Summit Tigers : LHP Vernon Mathis
Batting: RHB Alfredo Ramírez 0-0: Foul Ball, location: 2F
0-1: Swinging Strike
0-2: Foul Ball, location: 2F
0-2: Ball
1-2: Ball
2-2: Strikes out swinging
Batting: RHB George Medine 0-0: Ground out 2-3 (Groundball, 2L)
Batting: RHB José Hernández 0-0: Ball
1-0: Ball
2-0: Called Strike
2-1: Foul Ball, location: 2F
2-2: Foul Ball, location: 2F
2-2: Strikes out looking
Top of the 7th over - 0 run(s), 0 hit(s), 0 error(s), 0 left on base; Erie 0 - Lee's Summit 3
BOTTOM OF THE 7TH
Lee's Summit Tigers batting - Pitching for Erie Jaxx : RHP Dan Clark
Batting: RHB Ricardo Velásquez 0-0: SINGLE (Groundball, 4MD)
Batting: LHB Dudley Cooper 0-0: SINGLE (Groundball, 34D)
Ricardo Velásquez to second
Runner from 2nd tries for 3rd, SAFE, throw made to third
Batting: LHB Al Miller 0-0: Called Strike
0-1: Swinging Strike
0-2: Ball
1-2: Ball
2-2: Foul Ball, location: 2F
2-2: Fly out, F4 (Line Drive, 34)
Batting: LHB Glenn Williamson 0-0: Ball
1-0: SINGLE (Line Drive, 34)
Ricardo Velásquez scores
Dudley Cooper to second
Batting: RHB Valentín Saldaña 0-0: Ball
1-0: Ball
2-0: Called Strike
2-1: Called Strike
2-2: Foul Ball, location: 2F
2-2: Strikes out swinging
Pitching: LHP Alfredo García
Batting: RHB Steve Johnson 0-0: Ball
1-0: Ball
2-0: Ball
3-0: Called Strike
3-1: Foul Ball, location: 2F
3-2: Strikes out swinging
Bottom of the 7th over - 1 run(s), 3 hit(s), 0 error(s), 2 left on base; Erie 0 - Lee's Summit 4
TOP OF THE 8TH
Erie Jaxx batting - Pitching for Lee's Summit Tigers : LHP Vernon Mathis
Batting: RHB William Wilson 0-0: Ground out 1-3 (Groundball, 13)
Batting: LHB Kyle Robbins 0-0: Called Strike
0-1: Ball
1-1: Called Strike
1-2: Ball
2-2: Foul Ball, location: 2F
2-2: Strikes out swinging
Batting: RHB Edgardo Castro 0-0: Ball
1-0: Called Strike
1-1: Ball
2-1: Swinging Strike
2-2: Ground out 6-3 (Groundball, 6)
Top of the 8th over - 0 run(s), 0 hit(s), 0 error(s), 0 left on base; Erie 0 - Lee's Summit 4
BOTTOM OF THE 8TH
Lee's Summit Tigers batting - Pitching for Erie Jaxx : LHP Alfredo García
Batting: LHB José Guerrero 0-0: Called Strike
0-1: Ground out 3-1 (Groundball, 34)
Batting: RHB Travis Ezell 0-0: Ball
1-0: Called Strike
1-1: Foul Ball, location: 2F
1-2: Foul Ball, location: 2F
1-2: Ball
2-2: Strikes out swinging
Batting: RHB Stan Taylor 0-0: Foul Ball, location: 2F
0-1: Foul Ball, location: 2F
0-2: Ball
1-2: Ball
2-2: Ball
3-2: Foul Ball, location: 2F
3-2: Strikes out looking
Bottom of the 8th over - 0 run(s), 0 hit(s), 0 error(s), 0 left on base; Erie 0 - Lee's Summit 4
TOP OF THE 9TH
Erie Jaxx batting - Pitching for Lee's Summit Tigers : LHP Vernon Mathis
Batting: SHB Michael Field 0-0: Called Strike
0-1: Ball
1-1: Ground out 6-3 (Groundball, 6)
Batting: RHB Ed Keesee 0-0: Called Strike
0-1: Swinging Strike
0-2: Foul Ball, location: 2F
0-2: Strikes out swinging
Batting: SHB José Durango 0-0: Called Strike
0-1: Swinging Strike
0-2: Ball
1-2: Strikes out swinging
Top of the 9th over - 0 run(s), 0 hit(s), 0 error(s), 0 left on base; Erie 0 - Lee's Summit 4
Tuesday, August 8th, 2017 - OOTP Baseball 17.12 Build 75